 Dungeon Crawl Stone Soup version 0.27-a0-460-g297a19dbdb (webtiles) character file.

Game seed: 12918865549601485205

233 HoaS the Ruffian (level 6, -1/48 HPs)
             Began as a Ghoul Gladiator on Feb 28, 2021.
             Slain by a goblin (2 damage)
             ... led by Robin
             ... while paralysed by Grinder
             ... on level 3 of the Dungeon.
             The game lasted 00:05:23 (2336 turns).

HoaS the Ruffian (Ghoul Gladiator)                  Turns: 2336, Time: 00:05:24

Health: -1/48      AC: 10    Str: 19    XL:     6   Next: 4%
Magic:  5/5        EV:  2    Int:  3    God:
Gold:   126        SH:  0    Dex: 11    Spells: 5/5 levels left

rFire    . . .     SeeInvis .     - Unarmed
rCold    + + .     Faith    .   (no shield)
rNeg     + + +     Spirit   .   k - +0 chain mail
rPois    ∞         Reflect  .   b - +1 helmet
rElec    .         Harm     .   (no cloak)
rCorr    .         Rampage  .   (no gloves)
Will     .....                  (no boots)
Stlth    ..........             (no amulet)
HPRegen  0.00/turn              i - ring of protection from cold
MPRegen  0.09/turn              (no ring)

@: paralysed
A: claws 1, cold resistance 1, negative energy resistance 3, inhibited
regeneration, torment resistance, unbreathing
a: no special abilities


You were on level 3 of the Dungeon.
You visited 1 branch of the dungeon, and saw 3 of its levels.

You collected 126 gold pieces.

Inventory:

Armour
 b - a +1 helmet (worn)
 k - a +0 chain mail (worn)
Jewellery
 i - a ring of protection from cold (left claw)
Scrolls
 d - 2 scrolls of magic mapping
 e - a scroll of blinking
Potions
 f - 2 potions of berserk rage {unknown}
 h - a potion of magic {unknown}
 j - a potion of curing {unknown}


   Skills:
 - Level 2.1 Fighting
 - Level 1.7 Throwing
 - Level 2.6 Dodging
 + Level 7.2 Unarmed Combat


You had 5 spell levels left.
You didn't know any spells.
Your spell library was empty.

Dungeon Overview and Level Annotations

Branches:
Dungeon (3/15)

Altars:

Annotations:
D:3 Grinder


Innate Abilities, Weirdness & Mutations

You thrive by killing the living.
You are immune to poison.
You have sharp fingernails.
Your flesh is cold resistant. (rC+)
You are immune to negative energy. (rN+++)
You do not regenerate when monsters are visible.
You are immune to unholy pain and torment.
You can survive without breathing.


Message History

Grinder hits you. The goblin hits you.
The goblin struggles against the net.
Throw: throwing net
Press: ? - help, Shift-Dir - straight line, f/p - Grinder
Aim: Grinder (52% to hit)
You throw a throwing net. The throwing net barely misses Grinder.
The throwing net barely misses the goblin.
The goblin hits you with a +0 club. Grinder closely misses you.
The goblin barely misses you.
The goblin struggles against the net.
You closely miss Grinder. Grinder barely misses you.
The goblin barely misses you. The goblin misses you.
You scratch Grinder but do no damage.
The goblin struggles against the net.
Grinder gestures at you. You resist with significant effort.
The goblin hits you but does no damage. The goblin hits you.
* * * LOW HITPOINT WARNING * * *
You scratch Grinder but do no damage.
The goblin struggles against the net.
Grinder closely misses you. The goblin hits you with a +0 club.
* * * LOW HITPOINT WARNING * * *
You closely miss Grinder. The goblin hits you but does no damage.
The goblin struggles against the net.
The net rips apart, and the goblin comes free!
Grinder gestures at you.
You suddenly lose the ability to move!
The goblin hits you but does no damage. x2
Grinder hits you but does no damage.
The goblin no longer looks unusually strong. x2
The goblin hits you.
* * * LOW HITPOINT WARNING * * *
The goblin hits you with a +0 club.
* * * LOW HITPOINT WARNING * * *
Grinder hits you but does no damage. The goblin hits you.
* * * LOW HITPOINT WARNING * * *
The goblin hits you but does no damage.
Grinder rolls her eyes.
Grinder gestures at you.
You shrug off the repeated paralysis!
The goblin no longer looks unusually strong.
The goblin hits you.
You die...

###...# #......# ##..#
###......#
###.g###########........#
#..............#...#+#.##
#.#..##.....)..#..('.#.#
#.##...........#...###.#
#..'>.........###### #.#
####........#g########.######
#........#g5@g#...#......#
#.......#####g#.......##.#
#.......# #.........#
#.......# ####......#
######### #......# #.........
#####+####


You could see Grinder and 4 goblins.

Vanquished Creatures
  Natasha (twice) (D:3)
  A worker ant (D:2)
  An orc wizard (D:3)
  Robin (D:3)
  3 adders
  5 worms
  A dart slug (D:1)
  2 leopard geckos
  3 orcs (D:2)
  5 goblins
  11 hobgoblins
  12 jackals
  2 quokkas
  3 ball pythons
  7 bats
  5 frilled lizards
  4 kobolds
  6 rats
74 creatures vanquished.

Notes
Turn   | Place    | Note
-------+----------+-------------------------------------------
     0 | D:1      | HoaS the Ghoul Gladiator began the quest for the Orb.
     0 | D:1      | Reached XP level 1. HP: 17/17 MP: 0/0
    70 | D:1      | Reached XP level 2. HP: 21/24 MP: 1/1
    74 | D:1      | Reached skill level 4 in Unarmed Combat
   428 | D:1      | Reached XP level 3. HP: 26/29 MP: 2/2
  1027 | D:2      | Reached skill level 5 in Unarmed Combat
  1121 | D:2      | Reached XP level 4. HP: 36/36 MP: 3/3
  1490 | D:2      | Reached skill level 6 in Unarmed Combat
  1673 | D:3      | Reached XP level 5. HP: 26/41 MP: 4/4
  2138 | D:3      | Noticed Natasha
  2142 | D:3      | Killed Natasha
  2249 | D:3      | Noticed Natasha
  2257 | D:3      | Killed Natasha
  2258 | D:3      | Reached skill level 7 in Unarmed Combat
  2266 | D:3      | Noticed Robin
  2267 | D:3      | Noticed Grinder
  2325 | D:3      | Killed Robin
  2326 | D:3      | Reached XP level 6. HP: 36/48 MP: 5/5
  2332 | D:3      | Paralysed by Grinder for 5 turns
  2335 | D:3      | HP: 1/48 [goblin[Robin] (3)]
  2336 | D:3      | Slain by a goblin

Illustrated notes

Levels and vault maps discovered:
D:1:      psy_arrival_dodecagon, layout_basic, serial_forest,
          infiniplex_forest_straight_5, infiniplex_forest_straight_2,
          infiniplex_forest_zigzag_1, infiniplex_forest_clump_tiny,
          infiniplex_forest_diagonal, infiniplex_forest_join,
          infiniplex_forest_clump_long, hangedman_abyss_or_decor_stabs,
          fountainhead
D:2:      minmay_angry_zag, layout_rooms
D:3:      layout_basic, minmay_joined_circles, uniq_robin, uniq_natasha,
          uniq_grinder

Skill      XL: |  1  2  3  4  5 |
---------------+----------------+-----
Unarmed Combat | 4 5 6 7 |  7.2
Fighting       | |  2.1
Throwing       | |  1.7
Dodging        | |  2.6

Action                   |  1- 3 |  4- 6 || total
-------------------------+-------+-------++-------
Melee: Unarmed           |   114 |   128 ||   242
       Punch             |     1 |     2 ||     3
Throw: Throwing net      |       |     3 ||     3
  Use: Scroll            |     4 |     3 ||     7
Armor: Leather armour    |    35 |    30 ||    65
       Chain mail        |       |    30 ||    30
       Ring mail         |       |     6 ||     6
Dodge: Dodged            |    66 |    75 ||   141

Table legend: (Time is in decaauts)
 A = Elapsed time spent in this place.
 B = Non-inter-level travel time spent in this place.
 C = Inter-level travel time spent in this place.
 D = Time resting spent in this place.
 E = Time spent auto-exploring this place.
 F = Levels seen in this place.
 G = Mean time per level.
                   A        B        C        D        E       F      G
               +--------+--------+--------+--------+--------+-----+--------+
         Total |   2315 |   2230 |     85 |    488 |   1233 |   3 |  771.7 |
       Dungeon |   2315 |   2230 |     85 |    488 |   1233 |   3 |  771.7 |
               +--------+--------+--------+--------+--------+-----+--------+

Top non-repeatable levels by time:
     D:2: 999 daAuts
     D:1: 970 daAuts
     D:3: 345 daAuts
